Map: Ascension to Aiur LE

Players

INnoVation - Winner!

  • Race: Terran Terran
  • Spawn Location: 5:00

TYTY (TY)

  • Race: Terran Terran
  • Spawn Location: 11:00

Event: 2017 WCS Global Finals

VOD

Have the link to the VOD?

Description

Time

  • Played on: Nov. 3, 2017, 7:44 p.m.
  • Length: 9:38

All games in this series

Show
View Real Time Build Order
Export as new Build Order

INnoVation Terran - Winner!

Build Orders: Reaper Expand, MMM Bio 

Get SALT Encoding   

  12  0:00  SCV  
  13  0:12  SCV  
  14  0:17  Supply Depot  
  14  0:24  SCV  
  15  0:38  SCV  
  15  0:40  Barracks  
  16  0:43  Refinery  
  16  0:50  SCV  
  17  1:02  SCV  
  18  1:14  SCV  
  19  1:26  Orbital Command  
  19  1:27  Reaper  
  20  1:41  Command Center  
  20  1:51  Supply Depot  
  20  1:53  SCV  
  21  1:59  Reaper  
  22  2:05  SCV  
  23  2:17  SCV  
  24  2:28  Command Center  
  24  2:32  Barracks Reactor  
  24  2:34  SCV  
  25  2:41  Barracks  
  25  2:46  SCV  
  26  2:58  SCV  
  26  3:07  Orbital Command, Barracks  
  26  3:09  Marine  
  26  3:10  SCV  
  26  3:11  Marine  
  29  3:21  Engineering Bay  
  29  3:22  SCV  
  30  3:28  Barracks Tech Lab  
  30  3:29  Marine x2  
  32  3:34  SCV  
  32  3:35  SCV  
  32  3:40  Orbital Command  
  34  3:49  Stimpack, SCV x2  
  34  3:50  Marine x2  
  38  3:55  Terran Infantry Weapons Level 1  
  38  3:58  Marine, Barracks Tech Lab  
  40  4:02  SCV  
  40  4:03  SCV  
  40  4:09  Marine x2  
  43  4:14  SCV  
  43  4:15  Factory, SCV  
  43  4:16  Marine  
  46  4:20  SCV  
  46  4:22  Marine  
  46  4:23  Refinery  
  48  4:24  Supply Depot  
  48  4:27  Marine x2  
  48  4:28  SCV x2  
  52  4:32  SCV  
  53  4:42  SCV x2, Marine x2  
  53  4:44  Supply Depot, SCV  
  49  4:56  SCV x3  
  49  4:57  Marine x2  
  49  4:59  Starport, Marine  
  52  5:00  Marine  
  52  5:02  Factory Reactor  
  52  5:06  Refinery  
  54  5:08  SCV  
  54  5:09  SCV x2  
  57  5:17  Marine x3  
  57  5:18  Marine  
  57  5:21  SCV x3  
  61  5:22  Refinery  
  61  5:24  Supply Depot  
  61  5:26  Orbital Command  
  61  5:32  Combat Shields  
  61  5:35  Marine x4  
  62  5:36  SCV x2  
  62  5:41  Supply Depot  
  67  5:46  Medivac  
  67  5:49  Medivac, Barracks  
  71  5:51  SCV x2  
  71  5:52  Barracks, SCV  
  74  6:02  Missile Turret, Barracks Reactor, Marine  
  74  6:03  Missile Turret, Marine x2  
  77  6:04  SCV x2  
  77  6:05  SCV  
  77  6:09  Supply Depot  
  77  6:10  Terran Infantry Armor Level 1  
  80  6:15  Siege Tank  
  83  6:19  SCV  
  83  6:20  Marine x3  
  83  6:21  SCV x2  
  88  6:33  Medivac x2, Supply Depot  
  88  6:37  Supply Depot, SCV x3  
  88  6:38  Marine x3  
  98  6:44  Refinery, Barracks Reactor x2  
  98  6:45  Refinery  
  98  6:46  Marine x2  
  99  6:54  SCV x3, Siege Tank  
  99  6:56  Marine x3  
  108  7:03  Supply Depot  
  108  7:06  SCV x2  
  108  7:07  SCV  
  110  7:08  Marine x2  
  110  7:14  Marine x3  
  111  7:16  Armory  
  111  7:18  Medivac  
  111  7:19  Engineering Bay  
  111  7:21  Medivac  
  115  7:25  SCV x3  
  115  7:26  Marine x2  
  115  7:27  Siege Tank  
  123  7:31  Marine  
  123  7:32  Marine  
  123  7:35  Sensor Tower, Supply Depot  
  125  7:38  Supply Depot  
  125  7:39  Supply Depot, Marine  
  125  7:41  Marine  
  125  7:42  Marine  
  129  7:45  Marine  
  129  7:46  Marine x2  
  129  7:50  Barracks Reactor  
  131  7:55  Medivac  
  131  7:56  Medivac  
  135  7:59  Siege Tank  
  135  8:00  Supply Depot, Marine x2  
  135  8:02  Supply Depot  
  135  8:03  Marine  
  135  8:04  Marine  
  142  8:18  Marine x4  
  142  8:19  Marine x2  
  147  8:30  Marine  
  147  8:31  Marine x3  
  147  8:32  Supply Depot  
  147  8:33  Factory  
  151  8:41  Supply Depot  
  153  8:43  Marine x6  
  148  8:56  Marine x4  
  148  9:01  Marine x6  
  143  9:02  Command Center  
  143  9:05  Factory  
  141  9:13  Marine  
  141  9:14  Marine x3  
  141  9:19  Marine x6  
Show
View Real Time Build Order
Export as new Build Order

TYTY Terran 

Build Orders: MMM Bio 

Get SALT Encoding   

  12  0:00  SCV  
  13  0:12  SCV  
  14  0:18  Supply Depot  
  14  0:24  SCV  
  15  0:40  Barracks, SCV  
  16  0:43  Refinery  
  16  0:52  SCV  
  17  1:04  SCV  
  18  1:16  SCV  
  19  1:26  Marine  
  19  1:28  Orbital Command  
  20  1:40  Command Center  
  20  1:44  Reaper  
  21  1:53  Supply Depot  
  21  1:55  SCV  
  22  2:06  Factory  
  22  2:09  SCV  
  23  2:16  Marine  
  23  2:19  Refinery  
  23  2:21  SCV  
  25  2:33  SCV  
  25  2:34  Marine  
  26  2:45  SCV  
  26  2:51  Starport, Hellion  
  29  2:52  Marine  
  29  2:57  SCV  
  31  3:03  Orbital Command  
  30  3:08  Orbital Command  
  30  3:09  SCV  
  30  3:10  Marine  
  30  3:12  Cyclone  
  35  3:21  SCV  
  36  3:27  Marine  
  36  3:33  SCV  
  36  3:34  SCV  
  39  3:36  Supply Depot  
  39  3:40  Medivac  
  41  3:44  Cyclone  
  41  3:45  SCV  
  41  3:46  SCV  
  46  3:52  Barracks Tech Lab  
  46  3:58  SCV x2  
  46  3:59  Supply Depot  
  46  4:01  Supply Depot  
  48  4:12  Marine  
  48  4:13  SCV  
  48  4:14  SCV  
  48  4:15  Viking  
  53  4:21  Hellion  
  55  4:30  SCV, Marine  
  57  4:33  Command Center, SCV  
  56  4:42  SCV  
  52  4:53  SCV  
  52  4:55  SCV  
  52  4:56  Marine  
  52  4:57  Stimpack  
  49  5:02  Starport Reactor, Factory Reactor  
  49  5:03  Barracks x2  
  50  5:07  SCV  
  50  5:08  SCV  
  51  5:14  Marine  
  51  5:19  SCV  
  51  5:21  SCV  
  51  5:22  Engineering Bay  
  51  5:23  Engineering Bay  
  52  5:31  SCV  
  52  5:32  Marine  
  52  5:33  SCV  
  52  5:34  Refinery  
  55  5:42  Refinery  
  55  5:43  SCV  
  55  5:45  Orbital Command, SCV  
  55  5:46  Factory Tech Lab, Starport Reactor  
  55  5:49  Marine  
  57  5:50  Terran Infantry Weapons Level 1, Terran Infantry Armor Level 1  
  57  5:55  Marine x2  
  57  5:56  Marine x2  
  62  5:58  SCV  
  62  5:59  Supply Depot  
  64  6:05  Siege Tank  
  64  6:07  Marine  
  64  6:10  SCV  
  64  6:11  SCV x2  
  70  6:13  Marine x2  
  70  6:16  Marine x2  
  74  6:19  Barracks  
  74  6:21  Barracks  
  74  6:22  SCV  
  74  6:23  SCV  
  74  6:25  Marine  
  76  6:31  Marine x2  
  80  6:34  Medivac, SCV  
  80  6:36  Medivac, Marine  
  80  6:38  Siege Tank  
  88  6:41  Supply Depot  
  88  6:43  Supply Depot, Marine x2  
  88  6:45  SCV x2  
  91  6:49  Marine x2  
  93  6:57  Combat Shields  
  93  7:01  Refinery, SCV  
  91  7:03  Sensor Tower  
  91  7:05  Marine x3  
  91  7:07  SCV  
  91  7:08  SCV  
  96  7:13  Supply Depot  
  96  7:14  Barracks Reactor x2, Marine x2  
  96  7:15  Medivac  
  89  7:16  SCV  
  89  7:19  SCV, Siege Tank  
  89  7:22  Marine  
  94  7:28  Marine x2  
  94  7:29  Bunker  
  97  7:30  Armory  
  97  7:31  Missile Turret  
  97  7:32  SCV x2  
  97  7:33  SCV  
  97  7:37  Marine x2  
  100  7:40  Marine  
  100  7:42  Medivac  
  100  7:43  Supply Depot  
  105  7:44  SCV  
  105  7:45  Marine  
  105  7:46  Refinery  
  108  7:52  Siege Tank  
  108  7:54  Marine x2  
  108  7:55  SCV  
  108  7:56  SCV  
  117  8:00  Supply Depot  
  117  8:01  Supply Depot  
  117  8:05  Supply Depot  
  114  8:06  Supply Depot  
  114  8:07  Viking  
  114  8:10  Marine x2  
  114  8:12  Viking  
  119  8:13  SCV  
  119  8:17  Marine x4  
  124  8:24  Marine x3  
  127  8:32  Siege Tank  
  130  8:34  Marine x2  
  130  8:39  Viking  
  134  8:42  Viking, Marine x3  
  134  8:43  Marine x4  
  124  8:56  Marine x2  
  124  9:00  Marine x2  
  124  9:01  Marine x3  
  117  9:05  Marine  
  117  9:06  Marine  
  115  9:13  Marine  
  115  9:14  Marine  
  109  9:17  SCV x2  
  109  9:18  Marine x2  
  109  9:19  Marine x3  
Tags
 
Add a new tag
Caveats
  • Supply blocks, unpowered buildings, or Contaminate may cause inaccurate times.
  • Supply counts are checked every 10 seconds.